 Dungeon Crawl Stone Soup version 0.31-a0-702-gf82c85558f (webtiles) character file.

Game seed: 2105327466600523126

96 qw the Shooter (level 4, -1/28 HPs)
             Began as a Gargoyle Hunter on Sept 8, 2023.
             Slain by an ufetubus (2 damage)
             ... on level 5 of the Dungeon.
             The game lasted 00:00:34 (1418 turns).

qw the Shooter (Gargoyle Hunter)                    Turns: 1418, Time: 00:00:35

Health: -1/28      AC:  8    Str: 14    XL:     4   Next: 67%
Magic:  4/4        EV: 10    Int: 10    God:
Gold:   70         SH:  0    Dex: 15    Spells: 3/3 levels left

rFire   . . .        Y - +0 shortbow (drain)
rCold   . . .        (shield currently unavailable)
rNeg    + . .        d - +0 ring mail
rPois   inf          (no helmet)
rElec   +            (no cloak)
rCorr   .            (no gloves)
SInv    .            (no boots)
Will    .....        (no amulet)
Stlth   +            (no ring)
HPRegen 0.24/turn    (no ring)
MPRegen 0.09/turn

%: no passive effects
@: no status effects
A: sickness immunity, AC +3, negative energy resistance 1, electricity
resistance, torment resistance 1, petrification resistance
a: no special abilities


You were on level 5 of the Dungeon.
You visited 1 branch of the dungeon, and saw 5 of its levels.

You collected 70 gold pieces.


Innate Abilities, Weirdness & Mutations

You are immune to sickness and miasma.
Your stone body is resilient. (AC +3)
You are immune to poison.
You resist negative energy. (rN+)
You are resistant to electric shocks. (rElec)
You are resistant to unholy torment.
You are immune to petrification.


   Skills:
 - Level 3.1 Fighting
 + Level 5.3 Ranged Weapons
 - Level 1.1 Armour
 - Level 1.5 Dodging
 - Level 1.1 Stealth


You had 3 spell levels left.
You didn't know any spells.
Your spell library was empty.

Inventory:

Hand Weapons
 Y - a +0 shortbow of draining (weapon)
Armour
 d - a +0 ring mail (worn)
Jewellery
 e - a ring of fire
Potions
 b - a potion of curing {unknown}
 f - a potion of mutation {unknown}
 h - a potion of might {unknown}
 i - a potion of cancellation {unknown}
 j - a potion of enlightenment {unknown}

Dungeon Overview and Level Annotations

Branches:
Dungeon (6/15)
 Temple: D:4-7

Altars:

Shops:
D:2 =

Annotations:
D:5 Grinder


Message History

The orc priest hits you but does no damage.
The orc priest begins to cast a cantrip, but forgets the words!
You shoot an arrow.
The arrow closely misses the orc priest.
The arrow barely misses the orc.
The arrow hits the orc wizard.
The orc wizard is heavily wounded.
The orc priest hits you with a +0 flail.
You shoot an arrow. The arrow hits the orc priest.
You drain the orc priest.
The orc priest is heavily wounded.
The orc priest closely misses you.
You shoot an arrow.
The arrow hits the orc priest but does no damage.
The orc priest is heavily wounded.
The orc priest barely misses you. The orc priest closely misses you.
You shoot an arrow.
The arrow closely misses the orc priest.
The arrow hits the orc wizard but does no damage.
You drain the orc wizard.
The orc wizard is heavily wounded.
The orc priest mumbles some strange prayers to Beogh against you.
Beogh smites you!
You shoot an arrow. The arrow hits the orc priest.
You drain the orc priest.
You kill the orc priest!
The orc wizard mumbles some strange words.
The orc wizard flickers and vanishes!
Deactivating autopickup; reactivate with Ctrl-A.
The ufetubus hits you but does no damage.
The ufetubus hits you.
You shoot an arrow. The arrow hits the ufetubus.
The ufetubus is lightly wounded.
The ufetubus barely misses you.
The ufetubus hits you but does no damage. x2
The ufetubus hits you.
You shoot an arrow. The arrow hits the ufetubus.
The ufetubus is moderately wounded.
The ufetubus closely misses you. x2; The ufetubus hits you.
The ufetubus closely misses you.
You shoot an arrow. The arrow barely misses the ufetubus.
The ufetubus hits you.
You die...

#.....
#.....
#....#
#....#
#....# .
#....#
...#....####
.........#.#
####....5#@#
.#####.#5#
........o{#
....#.....#
#. #.#.#.#
#.#.#.#
....)..
.#.#.#.##
..#.#.#)#


You could see an orc and an ufetubus.

Vanquished Creatures
  An orc priest (D:5)
  An adder (D:3)
  A worm (D:2)
  3 dart slugs
  An orc (D:5)
  6 ball pythons
  5 endoplasms
  3 giant cockroaches
  4 goblins
  3 hobgoblins (D:1)
  6 kobolds (D:1)
  4 bats (D:1)
  2 frilled lizards (D:1)
  5 rats
45 creatures vanquished.

Notes
Turn   | Place    | Note
-------+----------+-------------------------------------------
     0 | D:1      | qw the Gargoyle Hunter began the quest for the Orb.
     0 | D:1      | Reached XP level 1. HP: 12/12 MP: 1/1
     0 | D:1      | 0 ||| qw: Version: 0.3-a-76-g4403597
     0 | D:1      | 0 ||| qw: Game counter: 1267
     0 | D:1      | 0 ||| qw: Melee chars always use a shield: true
     0 | D:1      | 0 ||| qw: God list: Okawaru
     0 | D:1      | 0 ||| qw: Allow faded altars: false
     0 | D:1      | 0 ||| qw: Do Orc after clearing Dungeon:15 true
     0 | D:1      | 0 ||| qw: Do second Lair branch before Depths: true
     0 | D:1      | 0 ||| qw: Lair rune preference: random
     0 | D:1      | 0 ||| qw: Goals: Normal
     0 | D:1      | 0 ||| PLANNING D:1-11
    61 | D:1      | Reached XP level 2. HP: 17/17 MP: 2/2
   188 | D:1      | Reached XP level 3. HP: 21/21 MP: 3/3
   242 | D:1      | Reached skill level 5 in Ranged Weapons
   590 | D:1      | 590 ||| UPGRADING to +0 ring mail.
   600 | D:1      | 600 ||| DROPPING +0 leather armour.
   601 | D:1      | 601 ||| READING scroll labelled TUGOSOUKUG.
   602 | D:1      | 602 ||| READING scroll labelled SYRATHITYIPN.
   603 | D:1      | 603 ||| DRINKING 2 metallic emerald potions.
   604 | D:1      | 604 ||| DROPPING scroll of butterflies.
   907 | D:2      | Reached skill level 1 in Armour
  1144 | D:2      | Found Wissaot's Jewellery Emporium.
  1156 | D:2      | 1156 ||| SHOPLISTING +4 ring of protection (396 gold, have
                  | 70).
  1156 | D:2      | 1156 ||| SHOPLISTING +4 ring of slaying (858 gold, have
                  | 70).
  1156 | D:2      | 1156 ||| SHOPLISTING ring of fire (275 gold, have 70).
  1156 | D:2      | 1156 ||| SHOPLISTING ring of protection from cold (275
                  | gold, have 70).
  1156 | D:2      | 1156 ||| SHOPLISTING ring of see invisible (165 gold, have
                  | 70).
  1258 | D:2      | 1258 ||| READING scroll labelled BAMOG IZAS CITISM.
  1262 | D:2      | 1262 ||| READING scroll labelled BESUJI VIFEN.
  1340 | D:3      | Reached skill level 3 in Fighting
  1340 | D:3      | Reached XP level 4. HP: 24/28 MP: 4/4
  1380 | D:3      | You fall into a shaft and drop 3 floors!
  1381 | D:6      | 1381 ||| READING scroll labelled IVOSMEFYRE.
  1386 | D:5      | Entered Level 5 of the Dungeon
  1392 | D:5      | Noticed Grinder
  1401 | D:5      | 1401 ||| Stepping ~*~*~tactically~*~*~ (retreating).
  1402 | D:5      | 1402 ||| Stepping ~*~*~tactically~*~*~ (retreating).
  1403 | D:5      | 1403 ||| Stepping ~*~*~tactically~*~*~ (retreating).
  1404 | D:5      | 1404 ||| Stepping ~*~*~tactically~*~*~ (retreating).
  1405 | D:5      | HP: 4/28 [orc priest/divine providence (11)]
  1406 | D:5      | 1406 ||| DRINKING potion of heal wounds.
  1407 | D:5      | 1407 ||| Stepping ~*~*~tactically~*~*~ (retreating).
  1414 | D:5      | HP: 6/28 [orc priest/divine providence (7)]
  1417 | D:5      | HP: 1/28 [ufetubus (2)]
  1418 | D:5      | Slain by an ufetubus

Levels and vault maps discovered:
D:1:      minmay_arrival_plants_in_alcoves, layout_basic,
          minmay_tree_intersection, chequers_mini_garden, nicolae_the_louvre
D:2:      layout_loops_cross, serial_shops, shop
D:3:      layout_loops_ring, minitemple, minmay_fractal_squares_gapless_5
D:5:      layout_basic, minmay_temple_entry_drinking_statues, fountainhead,
          uniq_grinder
D:6:      layout_rooms, minmay_misc_feat_rugged, lexackson_kobold_supper

Skill      XL: |  1  2  3 |
---------------+----------+-----
Ranged Weapons | 5 |  5.3
Armour         | 1 |  1.1
Fighting       | 3 |  3.1
Dodging        | |  1.5
Stealth        | |  1.1

Action                     |  1- 3 |  4- 6 || total
---------------------------+-------+-------++-------
   Fire: Shortbow          |   115 |    22 ||   137
    Use: Scroll            |     4 |     1 ||     5
         Potion            |     1 |     1 ||     2
 Armour: Leather armour    |     9 |       ||     9
         Ring mail         |    12 |    14 ||    26
  Dodge: Dodged            |    21 |     9 ||    30

Table legend:
 A = Non-vault XP
 B = Vault XP
 C = Vault XP percentage of total XP
 D = Non-vault monster count
 E = Vault monster count
 F = Vault count percentage of total count
                 A         B        C        D         E       F
            +---------+---------+-------+---------+---------+-------
      Total |     138 |       0 |   0.0 |      45 |       0 |   0.0
            +---------+---------+-------+---------+---------+-------
        D:1 |      45 |       0 |   0.0 |      26 |       0 |   0.0
        D:2 |      35 |       0 |   0.0 |      16 |       0 |   0.0
        D:3 |      14 |       0 |   0.0 |       1 |       0 |   0.0
        D:5 |      44 |       0 |   0.0 |       2 |       0 |   0.0
            +---------+---------+-------+---------+---------+-------
